 Dungeon Crawl Stone Soup version 0.30-a0-341-g682706514a (webtiles) character file.

Game seed: 924849522824686561

164 Shayle the Slasher (level 5, -3/31 (40) HPs)
             Began as a Djinni Reaver on Nov 2, 2022.
             Slain by a bullfrog (7 damage)
             ... in a sewer.
             The game lasted 00:07:17 (2669 turns).

Shayle the Slasher (Djinni Reaver)                  Turns: 2669, Time: 00:07:18

HP:   -3/31 (40)    AC:  3    Str: 11    XL:     5   Next: 73%
Gold: 149           EV:  9    Int: 17    God:
                    SH:  0    Dex: 11

rFire   + + .      SeeInvis .    a - +0 falchion
rCold   x . .      Faith    .    (no shield)
rNeg    . . .      Spirit   .    b - +0 leather armour
rPois   ∞          Reflect  .    (no helmet)
rElec   .          Harm     .    (no cloak)
rCorr   .          Rampage  .    (no gloves)
Will    .....                    (boots unavailable)
Stlth   +.........               (no amulet)
HPRegen 0.25/turn                (no ring)
MPRegen 0.00/turn                (no ring)

@: wereblooded, flying, constricted, heavily drained
A: sickness immunity, fire resistance 2, cold vulnerability 1, float, innate
caster, HP casting, extra vitality 1
a: no special abilities


You were in a sewer.
You visited 1 branch of the dungeon, and saw 3 of its levels.
You also visited: Sewer.

You collected 149 gold pieces.

Inventory:

Hand Weapons
 a - a +0 falchion (weapon)
 o - a +0 morningstar
Missiles
 m - 3 curare-tipped darts (quivered)
Armour
 b - a +0 leather armour (worn)
Jewellery
 f - a ring of willpower
Scrolls
 c - 3 scrolls of identify {unknown}
 e - a scroll of blinking {unknown}
 g - a scroll of enchant armour {unknown}
 h - 3 scrolls of fog {unknown}
 j - 2 scrolls of magic mapping {unknown}
 l - a scroll of silence {unknown}
 n - a scroll of vulnerability {unknown}
 p - a scroll of noise {unknown}
Potions
 d - a potion of resistance {unknown}
 k - a potion of magic {unknown}
 q - a potion of haste {unknown}


   Skills:
 + Level 2.9 Fighting
 + Level 3.4 Long Blades
 + Level 3.3 Dodging
 + Level 1.7 Stealth
 + Level 2.9 Spellcasting


You couldn't memorise any spells.
You knew the following spells:

 Your Spells              Type           Power      Damage    Failure   Level
a - Kiss of Death         Conj/Necr      48%        2d9       7%          1
b - Momentum Strike       Conj/Tloc      24%        3d8       11%         2
c - Hailstorm             Conj/Ice       12%        3d5       21%         3
d - Summon Small Mammal   Summ           48%        N/A       7%          1
e - Wereblood             Tmut           12%        N/A       11%         2
Your spell library was empty.

Dungeon Overview and Level Annotations

Branches:
Dungeon (3/15)              Sewer (1/1)

Altars:


Innate Abilities, Weirdness & Mutations

You are immune to sickness and miasma.
You are immune to poison.
Your flesh is very heat resistant. (rF++)
You are vulnerable to cold. (rC-)
You float through the air rather than walking.
You learn spells naturally, not from books.
Your magical power is your life essence.
You have superior vitality. (+4 MHP)


Message History

Confirm with . or Enter, or press ? or * to list all spells.
Your blood is infused with primal strength.
The ball python hisses angrily.
The ball python barely misses you. The ball python grabs you.
The ball python constricts you. The ball python bites you.
The ball python barely misses you. The ball python bites you.
The ball python constricts you.
You hit the ball python but do no damage.
You punch the ball python.
The ball python is heavily wounded.
The ball python misses you. The ball python bites you.
The ball python bites you but does no damage.
The ball python constricts you. The ball python bites you.
Unknown command.
You hit the ball python but do no damage.
The ball python is heavily wounded.
The bullfrog hits you. The ball python bites you.
The ball python closely misses you. The ball python constricts you.
The bullfrog barely misses you. The ball python barely misses you.
The ball python bites you but does no damage.
Unknown command.
It was a potion of curing.
You feel better. The bullfrog hits you.
The ball python bites you but does no damage.
The ball python constricts you.
The ball python bites you but does no damage. x2
The ball python bites you. x2; The bullfrog closely misses you.
The ball python barely misses you. The ball python constricts you.
You slash the ball python!
You feel a bit better.
You kill the ball python!
The ball python closely misses you. The ball python misses you.
The ball python completely misses you. The ball python grabs you.
The ball python constricts you. The bullfrog hits you! x2
* * * LOW HITPOINT WARNING * * *
The ball python bites you but does no damage. x2
You feel better. The bullfrog hits you.
* * * LOW HITPOINT WARNING * * *
The ball python bites you.
* * * LOW HITPOINT WARNING * * *
The bullfrog hits you!
You die...

################### #
###.#≈≈≈≈≈≈≈≈≈≈≈≈≈≈≈#...
##....≈≈≈≈≈≈~.SFF≈≈≈≈~...
#....~≈≈≈~~~≈≈≈@S~≈≈~~...
#....~~~~~≈≈≈≈≈SS~J~≈~...
##....~≈≈≈≈≈≈≈≈≈≈≈≈≈≈≈....
#..†...≈≈≈≈≈≈≈≈≈≈≈≈≈≈≈#...
#....################## #+
#..†#### ....#..# ....'..#
..†#####


You could see 2 bullfrogs, an endoplasm and 4 ball pythons.

Vanquished Creatures
  2 adders
  5 river rats (Sewer)
  2 worms (D:2)
  3 dart slugs (D:2)
  An endoplasm (D:2)
  5 giant cockroaches
  4 goblins
  10 hobgoblins
  2 jackals (D:1)
  6 kobolds
  5 quokkas
  11 ball pythons
  5 bats
  3 frilled lizards
  29 rats
93 creatures vanquished.

Notes
Turn   | Place    | Note
-------+----------+-------------------------------------------
     0 | D:1      | Shayle the Djinni Reaver began the quest for the Orb.
     0 | D:1      | Shayle set off with the following spells memorised: Kiss of
                  | Death, Momentum Strike, Hailstorm.
     0 | D:1      | Reached XP level 1. HP: 18/18 MP: 0/0
   114 | D:1      | Reached XP level 2. HP: 21/23 MP: 0/0
   408 | D:1      | Reached XP level 3. HP: 28/28 MP: 0/0
   408 | D:1      | Learned a level 1 spell: Summon Small Mammal
  1117 | D:2      | Reached skill level 1 in Stealth
  1364 | D:2      | Reached XP level 4. HP: 15/31 MP: 0/0
  2115 | D:3      | Found a glowing drain.
  2137 | Sewer    | Entered a sewer
  2257 | Sewer    | Reached XP level 5. HP: 39/39 MP: 0/0
  2257 | Sewer    | Learned a level 2 spell: Wereblood
  2462 | Sewer    | HP: 1/40 [river rat (8)]
  2660 | Sewer    | Noticed a bullfrog
  2661 | Sewer    | Noticed a bullfrog
  2669 | Sewer    | Slain by a bullfrog

Illustrated notes

Levels and vault maps discovered:
D:1:      nagdon_arrival_double_spiral, layout_basic, st_stairs_10
D:2:      layout_basic
D:3:      layout_basic, amcnicky_altar_gilded, kiku_gazebo_garden_becter,
          lemuel_doored_altar, gup_sewer_entry_pipe, uniq_terence, uniq_robin
Sewer:    sewer_minmay_w

Skill      XL: |  1  2  3  4 |
---------------+-------------+-----
Long Blades    | 3 |  3.4
Stealth        | 1 |  1.7
Dodging        | 3 |  3.3
Fighting       | |  2.9
Spellcasting   | |  2.9

Action                   |  1- 3 |  4- 6 || total
-------------------------+-------+-------++-------
Melee: Falchion          |   138 |   186 ||   324
       Punch             |       |     4 ||     4
Throw: Dart              |       |     5 ||     5
 Cast: Kiss of Death     |     1 |     2 ||     3
       Wereblood         |       |     1 ||     1
  Use: Potion            |       |     4 ||     4
 Stab: Distracted        |       |     1 ||     1
Armor: Leather armour    |    34 |    56 ||    90
Dodge: Dodged            |    99 |   172 ||   271

Table legend: (Time is in decaauts)
 A = Elapsed time spent in this place.
 B = Non-inter-level travel time spent in this place.
 C = Inter-level travel time spent in this place.
 D = Time resting spent in this place.
 E = Time spent auto-exploring this place.
 F = Levels seen in this place.
 G = Mean time per level.
                   A        B        C        D        E       F      G
               +--------+--------+--------+--------+--------+-----+--------+
         Total |   2715 |   2628 |     87 |    395 |   1198 |   4 |  678.8 |
       Dungeon |   2170 |   2083 |     87 |    253 |   1187 |   3 |  723.3 |
         Sewer |    544 |    544 |      0 |    142 |     11 |   1 |  544.0 |
               +--------+--------+--------+--------+--------+-----+--------+

Top non-repeatable levels by time:
     D:1: 1114 daAuts
     D:2: 966 daAuts
   Sewer: 544 daAuts
     D:3: 89 daAuts
